 Dungeon Sprint DCSS version 0.22-a0-392-g5dc3fd9 (webtiles) character file.

1234 raistware the Carver (level 8, 0/85 HPs)
             Began as a Kobold Berserker on May 2, 2018.
             Was an Elder of Trog.
             Slain by a two-headed ogre
             ... wielding a +0 giant club
              (5 damage)
             ... in the Dungeon (Sprint IX: "|||||||||||||||||||||||||||||").
             The game lasted 00:04:04 (485 turns).

raistware the Carver (Kobold Berserker)              Turns: 485, Time: 00:04:05

Health: 0/85       AC:  9    Str: 21    XL:     8   Next: 77%
Magic:  8/8        EV: 16    Int:  8    God:    Trog [****..]
Gold:   0          SH:  0    Dex: 18    Spells: 7/7 levels left

rFire    . . .     SeeInvis .   m - +2 scimitar (holy)
rCold    . . .     Gourm    .   (shield restricted)
rNeg     . . .     Faith    .   o - +2 ring mail
rPois    .         Spirit   .   (no helmet)
rElec    .         Reflect  .   (no cloak)
rCorr    .         Harm     .   a - +0 pair of gloves
MR       .....     NoTele   +   n - +0 pair of boots
Stlth    ..........             (no amulet)
HPRegen  0.24/turn              b - +2 ring of evasion
MPRegen  0.11/turn              p - +3 ring of dexterity

@: berserking, very quick
A: small, carnivore
a: Berserk, Trog's Hand, Brothers in Arms, Renounce Religion


You were in the Dungeon.
You worshipped Trog.
Trog was greatly pleased with you.
You were full.

You visited 1 branch

Inventory:

Hand Weapons
 m - a +2 scimitar of holy wrath (weapon)
Armour
 a - a +0 pair of gloves (worn)
 n - a +0 pair of boots (worn)
 o - a +2 ring mail (worn)
Jewellery
 b - a +2 ring of evasion (left hand)
 p - a +3 ring of dexterity (right hand)
Wands
 l - a wand of iceblast (10)
Scrolls
 i - a scroll of blinking
 k - 3 scrolls of remove curse
Potions
 d - 5 potions of curing
 e - 3 potions of heal wounds
 f - a potion of haste
 g - 4 potions of magic
 h - a potion of berserk rage
 j - a potion of invisibility
Comestibles
 c - a ration


   Skills:
 + Level 9.8 Fighting
 * Level 13.4 Long Blades
 - Level 1.5 Armour
 - Level 2.4 Dodging


You had 7 spell levels left.
You didn't know any spells.

Dungeon Overview and Level Annotations

Branches:
Dungeon (1/1)

Altars:
Cheibriados
Dithmenos
Elyvilon
Fedhas
Gozag
Hepliaklqana
Kikubaaqudgha
Makhleb
Nemelex Xobeh
Okawaru
Qazlal
Ru
Sif Muna
Trog
Uskayaw
Vehumet
Wu Jian
Xom
Yredelemnul
Zin
The Shining One
Beogh
Jiyva
Lugonu


Innate Abilities, Weirdness & Mutations

You are small and have problems with some larger weapons.
You are carnivorous and can eat meat at any time.


Message History

You feel a strong urge to attack something.
The shadow strikes at you from the darkness!
* * * LOW HITPOINT WARNING * * *
Reactivating autopickup.
You slash the shadow!
The shadow convulses!
The shadow is almost destroyed.
The shadow hits you!
* * * LOW HITPOINT WARNING * * *
You slash the shadow!
You destroy the shadow!
Trog accepts your kill.
You hit the two-headed ogre.
The two-headed ogre is lightly wounded.
You barely miss the two-headed ogre.
The two-headed ogre is lightly wounded.
The two-headed ogre closely misses you.
You riposte.
You hit the two-headed ogre.
The two-headed ogre is moderately wounded.
The two-headed ogre hits you with a dire flail.
You die... ▓▓▓▓▓▓▓▓▓▓▓▓▓▓▓▓▓▓▓▓▓▓▓▓▓▓▓▓▓▓▓▓ ________'.?|)..[@OT[u...u'uWOTu. ▓▓▓▓▓▓▓▓▓▓▓▓▓▓▓▓▓▓▓▓▓▓▓▓▓▓▓▓▓▓▓▓

You could see a white ugly thing, a two-headed ogre and a troll.

Vanquished Creatures
  An ugly thing (D)
  A shadow (D)
  A water moccasin (D)
  An ice beast (D)
  An eye of draining (D)
  A bullfrog (D)
  A scorpion (D)
  A killer bee (D)
  A howler monkey (D)
  An orc wizard (D)
  2 adders (D)
  A leopard gecko (D)
  A ball python (D)
  2 hobgoblins (D)
  A bat (D)
  A jackal zombie (D)
18 creatures vanquished.

Vanquished Creatures (collateral kills)
  A hydra (D)
1 creature vanquished.

Grand Total: 19 creatures vanquished

Notes
Turn   | Place    | Note
-------+----------+-------------------------------------------
     0 | D        | raistware the Kobold Berserker began the quest for the Orb.
     0 | D        | Reached XP level 1. HP: 14/14 MP: 1/1
     8 | D        | Reached skill level 3 in Long Blades
     9 | D        | Reached ** piety under Trog
    13 | D        | Reached skill level 4 in Long Blades
    13 | D        | Reached XP level 2. HP: 19/19 MP: 2/2
    46 | D        | Noticed a howler monkey
    46 | D        | Noticed a scorpion
    46 | D        | Noticed an ice beast
    51 | D        | Killed a howler monkey
    51 | D        | Reached skill level 6 in Long Blades
    51 | D        | Reached XP level 3. HP: 23/23 MP: 3/3
    54 | D        | Killed a scorpion
    54 | D        | Reached *** piety under Trog
    54 | D        | Reached skill level 7 in Long Blades
    54 | D        | Reached XP level 4. HP: 25/28 MP: 4/4
    56 | D        | Reached XP level 5. HP: 29/32 MP: 5/5
    68 | D        | Killed an ice beast
    68 | D        | Reached skill level 9 in Long Blades
    68 | D        | Reached XP level 6. HP: 16/37 MP: 6/6
   272 | D        | Found a roughly hewn altar of Beogh.
   272 | D        | Found a snail-covered altar of Cheibriados.
   272 | D        | Found a shadowy altar of Dithmenos.
   272 | D        | Found a white marble altar of Elyvilon.
   272 | D        | Found a blossoming altar of Fedhas.
   272 | D        | Found an opulent altar of Gozag.
   273 | D        | Found a hazy altar of Hepliaklqana.
   274 | D        | Found a viscous altar of Jiyva.
   275 | D        | Found an ancient bone altar of Kikubaaqudgha.
   276 | D        | Found a corrupted altar of Lugonu.
   277 | D        | Found a burning altar of Makhleb.
   278 | D        | Found a sparkling altar of Nemelex Xobeh.
   279 | D        | Found an iron altar of Okawaru.
   280 | D        | Found a stormy altar of Qazlal.
   281 | D        | Found a sacrificial altar of Ru.
   282 | D        | Found a deep blue altar of Sif Muna.
   283 | D        | Found a bloodstained altar of Trog.
   284 | D        | Found a hide-covered altar of Uskayaw.
   285 | D        | Found a radiant altar of Vehumet.
   286 | D        | Found an ornate altar of the Wu Jian Council.
   287 | D        | Found a shimmering altar of Xom.
   288 | D        | Found a basalt altar of Yredelemnul.
   289 | D        | Found a glowing silver altar of Zin.
   290 | D        | Found a glowing golden altar of the Shining One.
   343 | D        | Noticed an eye of draining
   343 | D        | Noticed a water moccasin
   345 | D        | Reached **** piety under Trog
   345 | D        | Reached skill level 10 in Long Blades
   351 | D        | Killed an eye of draining
   351 | D        | Reached skill level 5 in Fighting
   354 | D        | Killed a water moccasin
   354 | D        | Reached skill level 11 in Long Blades
   354 | D        | Reached XP level 7. HP: 47/47 MP: 1/7
   358 | D        | Reached ***** piety under Trog
   385 | D        | Noticed an eight-headed hydra
   385 | D        | Noticed a shadow
   385 | D        | Noticed a green ugly thing
   385 | D        | Noticed a two-headed ogre
   385 | D        | Noticed a troll
   385 | D        | Noticed a white ugly thing
   387 | D        | HP: 2/48 [eight-headed hydra (9)]
   466 | D        | Killed an eight-headed hydra
   466 | D        | Reached skill level 12 in Long Blades
   466 | D        | Reached XP level 8. HP: 18/56 MP: 8/8
   479 | D        | Killed a green ugly thing
   479 | D        | Reached skill level 13 in Long Blades
   481 | D        | HP: 4/84 [shadow (7)]
   482 | D        | Killed a shadow
   485 | D        | Slain by a two-headed ogre

Vault maps used:
D:        linesprint

Skill      XL: |  1  2  3  4  5  6  7  8 |
---------------+-------------------------+-----
Long Blades    | 4 6 7 9 11 12 13 | 13.4
Fighting       | 6 8 9 |  9.8
Armour         | |  1.5
Dodging        | |  2.4

Action                   |  1- 3 |  4- 6 |  7- 9 || total
-------------------------+-------+-------+-------++-------
Melee: Falchion          |    14 |    13 |       ||    27
       Scimitar          |       |     8 |    12 ||    20
Invok: Berserk           |     2 |     1 |     1 ||     4
       Trog's Hand       |       |     1 |       ||     1
       Brothers in Arms  |       |       |     2 ||     2
  Use: Scroll            |       |       |     1 ||     1
  Eat: Chunk             |     1 |     2 |     6 ||     9
Armor: Animal skin       |     1 |     1 |       ||     2
       Ring mail         |       |       |     6 ||     6
Dodge: Dodged            |     9 |     7 |    15 ||    31
       Rpst.: Falchion   |     2 |     2 |       ||     4
       Scimitar          |       |     2 |     5 ||     7

Table legend:
 A = Spawn XP
 B = Non-spawn XP
 C = Spawn XP percentage of total XP
 D = Spawn monster count
 E = Non-spawn monster count
 F = Spawn count percentage of total count
 G = Total turns spent on level
                    A         B        C        D         E        F      G
               +---------+---------+-------+---------+---------+-------+---------
         Total |       0 |    1764 |   0.0 |       0 |      19 |   0.0 |   485
               +---------+---------+-------+---------+---------+-------+---------
             D |       0 |    1764 |   0.0 |       0 |      19 |   0.0 |   485
               +---------+---------+-------+---------+---------+-------+---------
